 Dungeon Crawl Stone Soup version 0.25-a0-1133-g93ebf739aa (webtiles) character file.

Game seed: 4735866246371976919, levelgen mode: deterministic

2139 MisterFreud the Nimble (level 9, -1/61 HPs)
             Began as an Octopode Gladiator on May 22, 2020.
             Was a Priest of Cheibriados.
             Slain by an orc warrior
             ... wielding a +0 battleaxe
              (29 damage)
             ... on level 8 of the Dungeon.
             The game lasted 00:14:05 (6296 turns).

MisterFreud the Nimble (Octopode Gladiator)         Turns: 6296, Time: 00:14:05

Health: -1/61      AC:  1    Str: 20    XL:     9   Next: 30%
Magic:  13/13      EV: 25    Int: 19    God:    Cheibriados [***...]
Gold:   394        SH:  0    Dex: 25    Spells: 8/8 levels left

rFire    . . .     SeeInvis .   a - +0 long sword
rCold    + . .     Gourm    .   (no shield)
rNeg     . . .     Faith    .   b - +0 hat
rPois    +         Spirit   .   h - amulet of regeneration
rElec    .         Reflect  .   o - +6 ring of dexterity
rCorr    .         Harm     .   f - +4 ring of evasion
MR       .....                  w - ring of poison resistance
Stlth    +++.......             H - ring of flight
HPRegen  0.60/turn              g - ring of protection from cold
MPRegen  0.13/turn              (no ring)
                                (no ring)
                                (no ring)

@: very slow
A: almost no armour, stealthy swim, amphibious, 8 rings, constrict 8, camouflage
1, gelatinous body 1
a: Bend Time, Temporal Distortion, Renounce Religion, Evoke Flight


You were on level 8 of the Dungeon.
You worshipped Cheibriados.
Cheibriados was most pleased with you.
You were not hungry.

You visited 2 branches of the dungeon, and saw 9 of its levels.

You collected 394 gold pieces.

Inventory:

Hand Weapons
 a - a +0 long sword (weapon)
Missiles
 c - 4 throwing nets
 x - 2 silver boomerangs (quivered)
 z - 4 boomerangs
Armour
 b - a +0 hat (worn)
 A - a +0 kite shield
Jewellery
 f - a +4 ring of evasion (right tentacle)
 g - a ring of protection from cold (on tentacle)
 h - an amulet of regeneration (around mantle)
 o - a +6 ring of dexterity (left tentacle)
 w - a ring of poison resistance (on tentacle)
 H - a ring of flight (on tentacle)
Wands
 E - a wand of iceblast (4)
Scrolls
 j - 2 scrolls of teleportation {unknown}
 l - 3 scrolls of fog {unknown}
 n - 4 scrolls of fear
 q - 4 scrolls of enchant armour {unknown}
 r - a scroll of enchant weapon {unknown}
 s - 5 scrolls of remove curse
 t - a scroll of immolation {unknown}
 y - 2 scrolls of amnesia {unknown}
 C - a scroll of holy word {unknown}
Potions
 e - a potion of mutation
 i - 2 potions of brilliance
 k - 2 potions of magic {unknown}
 m - a potion of curing {unknown}
 p - a potion of heal wounds
 u - 4 potions of haste
 v - 2 potions of cancellation
 B - a potion of flight {unknown}
 D - a potion of resistance {unknown}
 F - a potion of might {unknown}
Comestibles
 d - 26 rations
 G - 2 chunks of flesh


   Skills:
 + Level 5.0 Fighting
 + Level 6.7 Long Blades
 - Level 2.0 Throwing
 - Level 8.0 Dodging
 - Level 6.0 Invocations


You had 8 spell levels left.
You didn't know any spells.
Your spell library contained the following spells:

 Spells                   Type           Power        Failure   Level  Hunger
 Animate Skeleton         Necr           N/A          21%         1    ##.....
 Apportation              Tloc           #.....       21%         1    ##.....
 Corona                   Hex            #......      21%         1    ##.....
 Summon Small Mammal      Summ           #...         21%         1    ##.....


Dungeon Overview and Level Annotations

Branches:
Dungeon (8/15)             Temple (1/1) D:4
   Lair: D:8-11

Altars:
Ashenzari
Cheibriados
Dithmenos
Elyvilon
Fedhas
Gozag
Kikubaaqudgha
Makhleb
Nemelex Xobeh
Qazlal
Sif Muna
Uskayaw
Wu Jian
Xom
Yredelemnul
Zin
The Shining One

Shops:
D:5 }

Annotations:
D:3 Sigmund


Innate Abilities, Weirdness & Mutations

You cannot wear most types of armour.
You are very stealthy in the water. (Stealth+)
You are amphibious.
You can wear up to eight rings at the same time.
You can use your tentacles to constrict eight enemies at once.
Your skin changes colour to match your surroundings (Stealth+).
Your rubbery body absorbs attacks. (AC +1, EV +1)


Message History

You squeeze the orc warrior, but do no damage.
The orc warrior is lightly wounded.
You constrict the orc warrior. The orc completely misses you.
The orc warrior hits you with a +0 battleaxe!!
You are too injured to fight recklessly!
Unknown command.
You completely miss the orc warrior.
The orc warrior is lightly wounded.
You constrict the orc warrior. The orc closely misses you.
You riposte.
You closely miss the orc. Your grab misses the orc.
Your squeeze misses the orc. The orc warrior barely misses you.
Unknown command.
Unknown command.
Unknown command.
You hit the orc warrior. You squeeze the orc warrior.
The orc warrior is moderately wounded.
You constrict the orc warrior! The orc completely misses you.
You riposte.
You completely miss the orc. You grab the orc.
The orc warrior hits you with a +0 battleaxe!!
You die...

.# <# ........# .#
#.......#### .##
#.......... ..#
..........# ..#
#.........# .(#
#.........# # ..##
#..>..o...###.##
..)## #....o@).......
....# #.#.###........
....# #.#. #.####.##
#.### #.#.###.####.#
#.# #............#
#.# ###
###..##.###### #.#
##.## ##.##.#
#.###...#####...#.##
#.##..⌠...(...⌠......


You could see an orc warrior and an orc.

Vanquished Creatures
  Joseph (D:8)
  A sky beast (D:5)
  A black bear (D:7)
  A gnoll sergeant (D:5)
  A scorpion (D:4)
  5 killer bees (D:7)
  2 howler monkeys (D:4)
  3 electric eels (D:7)
  3 crimson imps
  A bullfrog zombie (D:7)
  A hound (D:6)
  A bullfrog skeleton (D:5)
  A jelly (D:5)
  6 orc priests
  2 centaur skeletons
  An iguana (D:5)
  4 orc wizards
  5 worker ants
  4 hound skeletons
  2 worker ant zombies (D:5)
  13 adders
  7 gnolls
  A howler monkey skeleton (D:6)
  An ooze (D:7)
  An adder zombie (D:5)
  2 adder skeletons (D:5)
  6 worms
  2 dart slugs (D:1)
  3 leopard geckos
  14 orcs
  A ball python (D:1)
  9 giant cockroaches
  5 goblins
  3 hobgoblins
  8 jackals
  7 kobolds
  4 quokkas
  7 bats
  5 frilled lizards
  A jackal skeleton (D:4)
  5 rats
151 creatures vanquished.

Notes
Turn   | Place    | Note
-------+----------+-------------------------------------------
     0 | D:1      | MisterFreud the Octopode Gladiator began the quest for the
                  | Orb.
     0 | D:1      | Reached XP level 1. HP: 14/14 MP: 1/1
   154 | D:1      | Reached XP level 2. HP: 16/20 MP: 2/2
   937 | D:2      | Reached XP level 3. HP: 26/26 MP: 3/3
  1308 | D:2      | Reached XP level 4. HP: 24/33 MP: 4/4
  1990 | D:3      | Reached XP level 5. HP: 32/37 MP: 5/5
  2066 | D:3      | Found a basalt altar of Yredelemnul.
  2159 | D:3      | Found an ancient bone altar of Kikubaaqudgha.
  2160 | D:3      | Found an opulent altar of Gozag.
  2161 | D:3      | Noticed Sigmund
  2162 | D:3      | Found a shimmering blue altar of Sif Muna.
  2163 | D:3      | Found a blossoming altar of Fedhas.
  2163 | D:3      | Found a shadowy altar of Dithmenos.
  2163 | D:3      | Found a glowing silver altar of Zin.
  2300 | D:3      | Reached skill level 5 in Long Blades
  2604 | D:4      | Reached XP level 6. HP: 43/43 MP: 6/6
  3179 | D:4      | Found a staircase to the Ecumenical Temple.
  3208 | D:4      | Reached skill level 4 in Dodging
  3218 | D:4      | Reached XP level 7. HP: 23/48 MP: 7/7
  3224 | D:4      | Reached skill level 5 in Dodging
  3894 | Temple   | Entered the Ecumenical Temple
  3938 | Temple   | Became a worshipper of Cheibriados the Contemplative
  4154 | D:5      | Entered Level 5 of the Dungeon
  4274 | D:5      | Found a basalt altar of Yredelemnul.
  4341 | D:5      | Found Retusej's Gadget Shoppe.
  4374 | D:5      | Reached skill level 6 in Dodging
  4552 | D:5      | Reached * piety under Cheibriados
  4566 | D:5      | Reached XP level 8. HP: 44/54 MP: 8/8
  4701 | D:5      | Reached skill level 7 in Dodging
  5196 | D:6      | Reached ** piety under Cheibriados
  5196 | D:6      | Reached skill level 8 in Dodging
  5238 | D:6      | Reached skill level 1 in Invocations
  5751 | D:7      | Reached skill level 5 in Invocations
  5853 | D:7      | Reached XP level 9. HP: 58/58 MP: 13/13
  6184 | D:8      | Noticed Joseph
  6198 | D:8      | Killed Joseph
  6198 | D:8      | Reached skill level 5 in Fighting
  6277 | D:8      | Reached *** piety under Cheibriados
  6296 | D:8      | Slain by an orc warrior

Illustrated notes

Levels and vault maps discovered:
D:1:      nzn_arrival_depleted_hourglass, layout_rooms
D:2:      minmay_angry_zag, layout_basic
D:3:      layout_basic, grunt_temple_overflow_open, first_ration,
          yredelemnul_altar_generic, uniq_sigmund
D:4:      layout_layer_cave, minmay_temple_entry_tees
D:5:      minmay_spotlight, layout_basic, kennysheep_mini, serial_shops, shop
D:6:      minmay_chambers_of_threes, layout_cave_pods
D:7:      statuecave_lemuel, layout_rooms
D:8:      layout_loops_ring, gammafunk_ghost_spectres, grunt_ogre_cave,
          corexii_checkpoint_b, kennysheep_path_1,
          eino_small_chamber_without_monster, nrook_mini_backslash,
          minmay_misc_feat_tower, uniq_joseph, uniq_pikel, uniq_maurice
Temple:   jpeg_temple_clearing

Skill      XL: |  1  2  3  4  5  6  7  8  9 |
---------------+----------------------------+-----
Fighting       | 3 4 5 |  5.0
Long Blades    | 4 5 6 |  6.7
Dodging        | 4 6 8 |  8.0
Invocations    | 5 6 |  6.0
Throwing       | |  2.0

Action                   |  1- 3 |  4- 6 |  7- 9 || total
-------------------------+-------+-------+-------++-------
Melee: Long sword        |    47 |    99 |   125 ||   271
       Constrict         |    20 |    39 |    51 ||   110
       Tentacles         |    12 |    37 |    67 ||   116
Throw: Throwing net      |       |       |     1 ||     1
Evoke: Wand              |       |       |     4 ||     4
  Use: Scroll            |       |     3 |     4 ||     7
       Potion            |       |     1 |     1 ||     2
 Stab: Sleeping          |     8 |     3 |    12 ||    23
       Distracted        |       |     1 |       ||     1
  Eat: Chunk             |     1 |     6 |     8 ||    15
Armor: Skin              |     4 |     7 |     2 ||    13
Dodge: Dodged            |    32 |    73 |   148 ||   253
       Rpst.: Long sword |    14 |    25 |    51 ||    90

Table legend:
 A = Non-vault XP
 B = Vault XP
 C = Vault XP percentage of total XP
 D = Non-vault monster count
 E = Vault monster count
 F = Vault count percentage of total count
                 A         B        C        D         E       F
            +---------+---------+-------+---------+---------+-------
      Total |    2229 |     827 |  27.1 |     131 |      20 |  13.2
            +---------+---------+-------+---------+---------+-------
        D:1 |      29 |       0 |   0.0 |      15 |       0 |   0.0
        D:2 |      81 |      22 |  21.4 |      18 |       7 |  28.0
        D:3 |     167 |       0 |   0.0 |      29 |       0 |   0.0
        D:4 |     559 |       0 |   0.0 |      24 |       0 |   0.0
        D:5 |     503 |     225 |  30.9 |      24 |       5 |  17.2
        D:6 |     152 |     135 |  47.0 |       6 |       7 |  53.8
        D:7 |     704 |       0 |   0.0 |      12 |       0 |   0.0
        D:8 |      34 |     445 |  92.9 |       3 |       1 |  25.0
            +---------+---------+-------+---------+---------+-------
